 Dungeon Crawl Stone Soup version 0.21-a0-85-ga0cb861 (webtiles) character file.

31 Alarkh the Chopper (level 3, 27/29 HPs)
             Began as a Demonspawn Monk on June 25, 2017.
             Got out of the dungeon alive.
             The game lasted 00:01:25 (1243 turns).

Alarkh the Chopper (Demonspawn Monk)                Turns: 1243, Time: 00:01:26

Health: 27/29      AC:  2    Str: 11    XL:     3   Next: 7%
Magic:  3/3        EV: 13    Int: 12    God:
Gold:   75         SH:  0    Dex: 15    Spells: 2/2 levels left

rFire    . . .     SeeInvis .   a - +0 hand axe
rCold    . . .     Gourm    .   (no shield)
rNeg     . . .     Faith    .   b - +0 robe
rPois    .         Spirit   .   (no helmet)
rElec    .         Reflect  .   (no cloak)
rCorr    .         Harm     .   (no gloves)
MR       .....                  (no boots)
Stlth    ++........             (no amulet)
HPRegen  0.09/turn              (no ring)
MPRegen  0.08/turn              (no ring)

@: no status effects
A: demonic guardian 1, powered by pain 1
a: no special abilities


You escaped.
You were not hungry.

You visited 1 branch of the dungeon, and saw 2 of its levels.

You collected 75 gold pieces.

Inventory:

Hand Weapons
 a - a +0 hand axe (weapon)
Armour
 b - a +0 robe (worn)
Scrolls
 f - a scroll of identify {unknown}
 h - a scroll of enchant armour {unknown}
 l - a scroll of teleportation {unknown}
 m - a scroll of immolation {unknown}
Potions
 d - 2 potions of brilliance {unknown}
 e - a potion of agility {unknown}
 g - a potion of resistance {unknown}
 k - a potion of haste {unknown}
Comestibles
 c - a bread ration
 i - 4 fruits
 j - a meat ration


   Skills:
 - Level 3.0 Fighting
 + Level 3.8 Axes
 - Level 2.6 Dodging
 - Level 1.7 Stealth


You had 2 spell levels left.
You didn't know any spells.

Dungeon Overview and Level Annotations

Branches:
Dungeon (2/15)

Altars:

Annotations:
D:2 exclusion: 2 doors


Innate Abilities, Weirdness & Mutations

A weak demonic guardian rushes to your aid.
You sometimes gain a little power by taking damage.


Message History

No target in view!
No target in view!
No target in view!
No target in view!
No target in view!
No target in view!
There is a stone staircase leading up here.
You climb upwards.
There is a stone staircase leading down here.
Unknown command.
You see here a dagger.
There is an open door here.
A kobold comes into view. It is wielding a short sword.
You can't go up here!
You enter the shallow water.
Moving in this stuff is going to be slow.
The kobold shouts!
There is a staircase leading out of the dungeon here.
Are you sure you want to leave the Dungeon?
This will make you lose the game!
You have escaped!

.....###..#..♣♣P>P♣♣..#.#
#######...##..♣♣.♣♣..##.#########
#######.###♣.........♣#..........
........# ♣.♣.≈≈≈.♣.♣####.#####.
..####### ♣..≈≈8≈≈..♣#.......##.
#.# ♣.♣.≈≈≈K♣.♣####.##.##. #.#
####♣.........♣ #....... #.#
#..##..♣♣.♣♣..## ##.##### #.##
#.##..♣♣P@P♣♣..# #.# ...#
#..##..#####..#### #.# ...#
#..'...≈≈≈≈≈...'.# #.# ...#
#.##############.###.###
...#####..........#.....#.....###
.......#####.#.##.#.....#.###....
.............#.#........#.# #..#.
.......#####...#..#.....#.###....
...##### #......#.....#.....#.#


You could see a kobold.

Vanquished Creatures
  An ooze (D:2)
  A leopard gecko (D:1)
  A ball python (D:1)
  7 goblins (D:1)
  4 jackals (D:1)
  2 bats (D:1)
  4 frilled lizards
  A kobold (D:2)
  5 rats
26 creatures vanquished.

Notes
Turn   | Place    | Note
-------+----------+-------------------------------------------
     0 | D:1      | Alarkh the Demonspawn Monk began the quest for the Orb.
     0 | D:1      | Reached XP level 1. HP: 18/18 MP: 1/1
   378 | D:1      | Gained mutation: You sometimes gain a little power by taking damage. [demonic ancestry]
   378 | D:1      | Reached XP level 2. HP: 18/24 MP: 2/2
  1181 | D:2      | Gained mutation: A weak demonic guardian rushes to your aid. [demonic ancestry]
  1181 | D:2      | Reached XP level 3. HP: 21/29 MP: 3/3
  1243 | D:$      | Got out of the dungeon alive.

Vault maps used:
D:1:      tarquinn_simple_flora_water_b, minivault_27
D:2:      chequers_ecumenical_altar_twisty, minmay_divided_ellipse

Skill      XL: |  1 |
---------------+----+-----
Axes           | 3 |  3.8
Fighting       | |  3.0
Dodging        | |  2.6
Stealth        | |  1.7

Action                   || total
-------------------------++-------
Melee: Hand axe          ||    67
 Stab: Sleeping          ||     6
       Distracted        ||     1
  Eat: Chunk             ||     1
Armor: Robe              ||    12
Dodge: Dodged            ||    51
